AoeStats
← 1234

Arena

509628199Analyzed
3v3 RM · 6d ago on Sep 27, 2026· 116m 54s· 6 players
Game mode
Random Map
Map size
Normal (6 player)
Population
200
Speed
Normal
Resources
Standard
Victory
Conquest
Starting age
Dark Age
Ending age
Imperial Age
RankedLock teamsTeams togetherTeam positionsShared explorationLock speedFull tech treeHidden civsTurbo modeCheats
Victory
Defeat
🇳🇱 Turks · Netherlands
430
+19
🇺🇸 Sicilians · United States
406
+20
🇵🇪 Danes · Peru
398
+20
🇦🇷 Huns · Argentina
542
-21
🇩🇪 Khmer · Germany
493
-24
🇩🇪 Armenians · Germany
454
-18
Classified2045
12:39 Feudal Age
18:39 Castle Age
16:37 Double-Bit Axe
19:54 Horse Collar
25:53 Heavy Plow
32:14 Loom
35:45 Gold Mining
35:45 Stone Mining
37:14 First Crusade
41:14 Imperial Age
41:32 Forging
41:27 Scale Mail Armor
41:29 Padded Archer Armor
41:19 Fletching
42:23 Conscription
46:10 Hoardings
51:21 Siege Engineers
51:42 Ballistics
53:06 Onager
64:36 Siege Onager
66:49 Gold Shaft Mining
68:02 Wheelbarrow
72:05 Bow Saw
80:28 Hand Cart
SilverAgeGamer
1:08 Loom
13:56 Feudal Age
19:19 Gold Mining
19:21 Stone Mining
19:21 Double-Bit Axe
19:19 Horse Collar
24:01 Forging
23:52 Scale Mail Armor
26:42 Castle Age
28:16 Stone Shaft Mining
28:20 Gold Shaft Mining
27:51 Caravan
28:13 Caravan
32:11 Murder Holes
32:37 Ballistics
35:39 Wheelbarrow
34:54 Town Watch
36:49 Pikeman
37:19 Gambesons
37:34 Squires
37:19 Arson
40:52 Imperial Age
38:39 Crossbowman
40:11 Thumb Ring
42:28 Elite Varangian Guard
42:44 Elite Skirmisher
43:05 Man-at-Arms
43:06 Halberdier
43:57 Onager
45:03 Heavy Scorpion
47:08 Bow Saw
48:15 Iron Casting
47:55 Chain Mail Armor
47:34 Fletching
49:45 Siege Onager
55:14 Chemistry
54:21 Siege Engineers
54:21 Bodkin Arrow
54:28 Padded Archer Armor
98:01 Conscription
98:19 Hoardings
Nony042
1:14 Loom
12:16 Feudal Age
12:45 Horse Collar
12:57 Double-Bit Axe
15:00 Gold Mining
20:53 Castle Age
19:19 Stone Mining
23:34 Wheelbarrow
24:35 Murder Holes
24:44 Town Watch
25:53 Padded Archer Armor
25:45 Fletching
27:06 Heavy Plow
29:16 Gold Shaft Mining
34:53 Imperial Age
33:04 Forging
33:11 Leather Archer Armor
33:38 Ballistics
33:02 Treadmill Crane
33:33 Masonry
34:52 Iron Casting
34:39 Bodkin Arrow
35:51 Thumb Ring
35:08 Crossbowman
37:12 Fortified Wall
38:14 Bracer
42:07 Bow Saw
42:33 Arrowslits
42:39 Heated Shot
46:15 Two-Man Saw
46:27 Sappers
48:55 Hand Cart
50:42 Town Patrol
56:10 Ring Archer Armor
56:42 Blast Furnace
56:29 Artillery
56:51 Conscription
59:15 Architecture
66:45 Caravan
92:48 Guard Tower
93:20 Bombard Tower
94:31 Keep
105:50 Spies/Treason
sergej.sajaz
11:53 Feudal Age
12:21 Horse Collar
12:30 Double-Bit Axe
12:16 Man-at-Arms
15:17 Wheelbarrow
14:28 Loom
24:49 Castle Age
27:58 Gambesons
27:36 Long Swordsman
29:24 Bow Saw
29:15 Two-Handed Swordsman
34:24 Coinage
33:55 Caravan
42:43 Husbandry
42:25 Champion
43:55 Gold Mining
43:55 Stone Mining
51:13 Imperial Age
48:31 Town Watch
51:53 Cavalier
53:40 Heavy Plow
57:14 Capped Ram
71:45 Chemistry
78:53 Scale Barding Armor
80:28 Banking
79:59 Siege Ram
81:17 Onager
82:15 Pikeman
82:56 Squires
87:13 Scale Mail Armor
88:55 Chain Barding Armor
89:18 Forging
91:26 Iron Casting
93:40 Blast Furnace
1234
0:46 Loom
16:32 Feudal Age
17:50 Wheelbarrow
17:03 Double-Bit Axe
17:02 Horse Collar
16:46 Man-at-Arms
17:13 Arson
20:07 Gold Mining
20:08 Stone Mining
23:56 Castle Age
24:53 Bow Saw
25:01 Heavy Plow
26:01 Hand Cart
25:42 Town Watch
26:23 Caravan
28:38 Gold Shaft Mining
28:32 Murder Holes
28:58 Ballistics
29:46 Pikeman
30:28 Squires
29:49 Long Swordsman
35:58 Imperial Age
34:53 Thumb Ring
35:56 Husbandry
36:11 Bloodlines
36:15 Scale Mail Armor
36:07 Fletching
38:50 Two-Man Saw
39:48 Chemistry
38:12 Capped Ram
39:18 Elite Tarkan
41:09 Town Patrol
41:29 Chain Mail Armor
41:19 Scale Barding Armor
43:13 Heavy Cavalry Archer
44:35 Parthian Tactics
45:36 Padded Archer Armor
45:46 Forging
45:59 Chain Barding Armor
48:24 Siege Ram
53:56 Iron Casting
53:58 Plate Barding Armor
54:05 Halberdier
54:13 Cavalier
60:55 Crossbowman
62:44 Blast Furnace
70:30 Paladin
83:22 Bodkin Arrow
A.K.47
4:32 Loom
12:10 Feudal Age
12:34 Horse Collar
12:41 Double-Bit Axe
13:43 Wheelbarrow
13:08 Gold Mining
14:26 Stone Mining
18:40 Fletching
22:52 Castle Age
24:15 Gold Shaft Mining
24:12 Bow Saw
24:05 Heavy Plow
24:49 Scale Barding Armor
24:48 Caravan
24:54 Murder Holes
26:55 Stone Shaft Mining
28:12 Bodkin Arrow
28:38 Hand Cart
27:54 Man-at-Arms
28:27 Arson
31:08 Ballistics
31:10 Masonry
33:39 Tusk Swords
34:26 Chain Barding Armor
34:10 Padded Archer Armor
39:21 Imperial Age
38:15 Fortified Wall
40:23 Capped Ram
41:40 Architecture
42:11 Chemistry
41:15 Bracer
41:30 Leather Archer Armor
41:55 Crop Rotation
45:00 Siege Engineers
45:30 Conscription
45:37 Elite Ballista Elephant
48:23 Double Crossbow
50:43 Town Watch
50:45 Onager
52:05 Ring Archer Armor
52:11 Plate Barding Armor
51:52 Town Patrol
52:56 Light Cavalry
53:47 Bloodlines
53:49 Hussar
59:39 Husbandry
69:15 Elite Battle Elephant
72:06 Scale Mail Armor
72:18 Forging
72:20 Siphons
87:02 Chain Mail Armor
87:23 Iron Casting
98:36 Coinage
Connection lost

Rejoining the realm…

Still unreachable

The connection could not be restored.

Session expired

The server has moved on; the page needs a fresh start.